 Dungeon Crawl Stone Soup version 0.28.0 (webtiles) character file.

Game seed: 15002844195586412705

177 HallandMoats the Skirmisher (level 5, 0/46 HPs)
             Began as a Ghoul Monk on Feb 7, 2022.
             Was a Believer of Okawaru.
             Slain by an iguana (9 damage)
             ... on level 4 of the Dungeon.
             The game lasted 00:03:00 (3226 turns).

HallandMoats the Skirmisher (Ghoul Monk)            Turns: 3226, Time: 00:03:01

Health: 0/46       AC:  6    Str: 17    XL:     5   Next: 57%
Magic:  14/14      EV: 10    Int:  5    God:    Okawaru [**....]
Gold:   153        SH:  5    Dex: 11    Spells: 4/4 levels left

rFire   . . .      SeeInvis .     - Unarmed
rCold   + . .      Faith    .   (no shield)
rNeg    + + +      Spirit   .   j - +0 scale mail
rPois   ∞          Reflect  +   (no helmet)
rElec   .          Harm     .   (no cloak)
rCorr   .          Rampage  .   (no gloves)
Will    .....                   (no boots)
Stlth   +.........              r - amulet of reflection
HPRegen 0.00/turn               p - ring of magical power
MPRegen 0.14/turn               (no ring)

@: inhibited regen
A: claws 1, cold resistance 1, negative energy resistance 3, inhibited
regeneration, torment resistance 2
a: Renounce Religion, Heroism


You were on level 4 of the Dungeon.
You worshipped Okawaru.
Okawaru was pleased with you.
You visited 1 branch of the dungeon, and saw 4 of its levels.

You collected 153 gold pieces.

Inventory:

Hand Weapons
 b - the +7 rapier "Nunwapeth" {flame, Will+ SInv}
   (You found it on level 3 of the Dungeon)

   It burns those it strikes, dealing additional fire damage.
   SInv:      It lets you see invisible.
   Will:      It increases your willpower.
Armour
 f - a +0 plate armour
 j - a +0 scale mail (worn)
Jewellery
 p - a ring of magical power (left claw)
 r - an amulet of reflection (around neck)
Scrolls
 a - a scroll of teleportation {unknown}
 c - 2 scrolls of identify {unknown}
 d - a scroll of summoning {unknown}
 e - 2 scrolls of enchant weapon {unknown}
 h - a scroll of immolation {unknown}
 k - a scroll of torment {unknown}
 n - a scroll of brand weapon {unknown}
 o - a scroll of magic mapping {unknown}
 t - a scroll of fog {unknown}
Potions
 g - 2 potions of degeneration {unknown}
 i - a potion of attraction {unknown}
 l - a potion of heal wounds {unknown}
 m - a potion of flight {unknown}
 q - a potion of mutation {unknown}
 s - a potion of berserk rage {unknown}


   Skills:
 + Level 4.2 Fighting
 + Level 1.4 Armour
 + Level 3.4 Dodging
 - Level 2.7 Stealth
 + Level 4.2 Unarmed Combat
 + Level 1.8 Invocations


You had 4 spell levels left.
You didn't know any spells.
Your spell library contained the following spells:

 Spells                   Type           Power      Damage    Failure   Level
 Inner Flame              Hex/Fire       0%         N/A       99%         3
 Portal Projectile        Hex/Tloc       0%         N/A       99%         3
 Cause Fear               Hex            0%         N/A       100%        4
 Leda's Liquefaction      Hex/Erth       0%         N/A       100%        4
 Discord                  Hex            0%         N/A       100%        8
 Call Canine Familiar     Summ           Unusable   N/A       N/A         3

Dungeon Overview and Level Annotations

Branches:
Dungeon (4/15)
 Temple: D:4-7

Altars:
Okawaru


Innate Abilities, Weirdness & Mutations

You thrive by killing the living.
You are immune to poison.
You have sharp fingernails.
Your flesh is cold resistant. (rC+)
You are immune to negative energy. (rN+++)
You do not regenerate when monsters are visible.
You are immune to unholy pain and torment.


Message History

The iguana bites you!
You are too injured to fight recklessly!
You are too injured to fight recklessly!
You are too injured to fight recklessly!
You are too injured to fight recklessly!
You are too injured to fight recklessly!
You are too injured to fight recklessly!
You are too injured to fight recklessly!
You are too injured to fight recklessly!
You are too injured to fight recklessly!
You are too injured to fight recklessly!
You are too injured to fight recklessly!
You are too injured to fight recklessly!
You are too injured to fight recklessly!
You barely miss the iguana. The iguana closely misses you.
You barely miss the iguana. The iguana misses you.
You barely miss the iguana.
The iguana bites you but does no damage.
You scratch the iguana.
The iguana is lightly wounded.
You scratch the iguana. You claw the iguana, but do no damage.
The iguana is lightly wounded.
The iguana bites you.
You scratch the iguana.
The iguana is moderately wounded.
The iguana bites you but does no damage.
You barely miss the iguana.
The iguana is moderately wounded.
The iguana bites you.
You barely miss the iguana.
The iguana is moderately wounded.
The iguana closely misses you.
You claw the iguana! Your claw misses the iguana.
The iguana is severely wounded.
The iguana bites you!
* * * LOW HITPOINT WARNING * * *
You scratch the iguana.
The iguana is almost dead.
The iguana bites you!
You die...

...........#.#
#.........###.##
#......######..#######
.#.........#....>.....#
....... #............#
..#.... ###..........#
....... #..........#
......l### ##.#########
.......@.## #.###
###.##...$# #...#
#.....#.# ###.########
#.......?# #.........
.......#..### ###.......
.......#....######......
|_......................
.......####..#####......
##.... ##.# #......


You could see an iguana.

Vanquished Creatures
  Jessica (D:3)
  Terence (D:1)
  4 gnolls
  4 adders
  3 orcs
  5 bats (D:1)
  3 endoplasms
  2 giant cockroaches
  3 goblins
  5 hobgoblins
  5 kobolds
  2 quokkas
  12 ball pythons
  2 frilled lizards (D:1)
  3 rats
55 creatures vanquished.

Notes
Turn   | Place    | Note
-------+----------+-------------------------------------------
     0 | D:1      | HallandMoats the Ghoul Monk began the quest for the Orb.
     0 | D:1      | Reached XP level 1. HP: 19/19 MP: 0/0
   353 | D:1      | Reached XP level 2. HP: 26/26 MP: 1/1
   618 | D:1      | Found an iron altar of Okawaru.
   752 | D:1      | Became a worshipper of Warmaster Okawaru
   752 | D:1      | Reached * piety under Okawaru
   752 | D:1      | Reached ** piety under Okawaru
  1207 | D:2      | Noticed Terence
  1233 | D:1      | Reached XP level 3. HP: 10/33 MP: 2/2
  1552 | D:1      | Killed Terence
  1553 | D:1      | Reached XP level 4. HP: 23/40 MP: 0/3
  1562 | D:1      | Reached skill level 1 in Invocations
  1926 | D:2      | Reached skill level 1 in Armour
  2395 | D:3      | Reached XP level 5. HP: 46/46 MP: 5/5
  2524 | D:3      | Identified the +7 rapier "Nunwapeth" {flame, Will+ SInv}
  2617 | D:3      | Noticed Jessica
  2622 | D:3      | Killed Jessica
  2841 | D:3      | Found a faded altar of an unknown god.
  3213 | D:4      | Found an iron altar of Okawaru.
  3226 | D:4      | Slain by an iguana

Illustrated notes

Levels and vault maps discovered:
D:1:      dpeg_arrival_long_road, layout_loops_cross, serial_forest,
          infiniplex_forest_side_room, infiniplex_forest_end_2,
          infiniplex_forest_side_room, infiniplex_forest_straight_5,
          infiniplex_forest_straight_3, infiniplex_forest_lined_3,
          infiniplex_forest_lined_corner, minivault_24,
          hangedman_abyss_or_decor_stabs, kennysheep_flooded_box
D:2:      layout_rooms, uniq_terence
D:3:      layout_basic, nicolae_ecumenical_snake_handling, uniq_jessica
D:4:      layout_rooms, mainiacjoe_overflow_chevrons

Skill      XL: |  1  2  3  4 |
---------------+-------------+-----
Dodging        | 3 |  3.4
Invocations    | 1 |  1.8
Fighting       | 4 |  4.2
Armour         | 1 |  1.4
Unarmed Combat | 4 |  4.2
Stealth        | |  2.7

Action                   |  1- 3 |  4- 6 || total
-------------------------+-------+-------++-------
Melee: Unarmed           |    67 |   119 ||   186
       Punch             |     1 |     1 ||     2
Invok: Heroism           |     1 |       ||     1
 Stab: Sleeping          |     5 |       ||     5
Armor: Robe              |     6 |       ||     6
       Plate armour      |    28 |     3 ||    31
       Scale mail        |       |    36 ||    36
Dodge: Dodged            |    34 |    57 ||    91
Block: Other             |       |     3 ||     3
